 Dungeon Crawl Stone Soup version 0.26-a0-49-g0e6732e0a6 (console) character file.

Game seed: 4121322084189721520

17185 Kagalorn the Carver (level 12, 0/72 HPs)
             Began as a Gargoyle Fighter on June 4, 2020.
             Was an Elder of the Shining One.
             Killed by Lee's Rapid Deconstruction
             ... invoked by Jorgrun
              (31 damage)
             ... on level 12 of the Dungeon.
             The game lasted 00:29:30 (11509 turns).

Kagalorn the Carver (Gargoyle Fighter)             Turns: 11509, Time: 00:29:31

Health: 0/72       AC: 20    Str: 25    XL:     12   Next: 45%
Magic:  16/16      EV:  9    Int: 20    God:    the Shining One [****..]
Gold:   679        SH: 11    Dex:  9    Spells: 7/11 levels left

rFire    . . .     SeeInvis +   a - +0 scimitar
rCold    + . .     Gourm    .   c - +0 kite shield
rNeg     + + +     Faith    .   O - +3 ring mail of the Dragon {MR+ Int+5 SInv}
rPois    ∞         Spirit   .   w - +1 helmet
rElec    +         Reflect  .   (no cloak)
rCorr    .         Harm     .   (no gloves)
MR       +....                  (no boots)
Stlth    ..........             R - amulet of regeneration
HPRegen  0.62/turn              h - +6 ring of strength
MPRegen  0.15/turn              F - ring of protection from cold

@: glowing
A: negative energy resistance 1, electricity resistance, unbreathing,
petrification resistance, rot immunity, AC +8
a: Divine Shield, Cleansing Flame, Renounce Religion


You were on level 12 of the Dungeon.
You worshipped the Shining One.
The Shining One was greatly pleased with you.
You were hungry.

You visited 2 branches of the dungeon, and saw 13 of its levels.

You collected 679 gold pieces.

Inventory:

Hand Weapons
 a - a +0 scimitar (weapon)
 b - a +0 morningstar
 s - a +2 falchion of holy wrath
 I - a +0 whip of electrocution
Armour
 c - a +0 kite shield (worn)
 e - a +3 chain mail
 w - a +1 helmet (worn)
 O - the +3 ring mail of the Dragon (worn) {MR+ Int+5 SInv}
   (You found it on level 10 of the Dungeon)

   It affects your intelligence (+5).
   It affects your resistance to hostile enchantments.
   It lets you see invisible.
Jewellery
 h - a +6 ring of strength (left hand)
 q - an uncursed ring of protection from fire
 F - a ring of protection from cold (right hand)
 R - an amulet of regeneration (around neck)
Wands
 A - a wand of flame (5)
 B - a wand of digging (10)
Scrolls
 m - 8 scrolls of remove curse
 n - 7 scrolls of teleportation
 p - 4 scrolls of fear
 r - 4 scrolls of enchant armour
 v - a scroll of fog {unknown}
 y - a scroll of brand weapon {unknown}
 z - 2 scrolls of enchant weapon
 G - a scroll of blinking {unknown}
 H - a scroll of magic mapping
 J - a scroll of amnesia
 K - a scroll of holy word {unknown}
 L - a scroll of immolation {unknown}
 P - a scroll of torment {unknown}
Potions
 d - a potion of might
 g - 2 potions of cancellation
 i - a potion of berserk rage
 j - a potion of magic
 k - 6 potions of curing
 o - 3 potions of lignification
 t - a potion of stabbing
 u - 5 potions of haste
 E - a potion of ambrosia
 N - 2 potions of brilliance
 S - a potion of heal wounds
Miscellaneous
 M - a box of beasts
Comestibles
 f - 12 rations
 l - a chunk of flesh


   Skills:
 + Level 7.5 Fighting
 - Level 14.0 Long Blades
 + Level 7.5 Armour
 + Level 7.4 Shields
 + Level 1.7 Summonings
 + Level 1.5 Air Magic
 + Level 6.6 Invocations


You had 7 spell levels left.
You knew the following spells:

 Your Spells              Type           Power        Failure   Level  Hunger
d - Summon Lightning Spi  Summ/Air       #.......     98%         4    #####..

Your spell library contained the following spells:

 Spells                   Type           Power        Failure   Level  Hunger
 Summon Small Mammal      Summ           #...         34%         1    ##.....
 Call Imp                 Summ           #.......     47%         2    ###....
 Corona                   Hex            #......      58%         1    ##.....
 Call Canine Familiar     Summ           #.......     71%         3    ####...
 Ensorcelled Hibernation  Hex/Ice        #.....       73%         2    ###....
 Summon Guardian Golem    Hex/Summ       #.......     83%         3    ####...
 Confusing Touch          Hex            #.......     91%         3    ####...
 Dazzling Flash           Conj/Hex       #.....       91%         3    ####...
 Tukima's Dance           Hex            #.......     91%         3    ####...
 Summon Ice Beast         Ice/Summ       #.......     99%         4    #####..


Dungeon Overview and Level Annotations

Branches:
Dungeon (12/15)            Temple (1/1) D:6            Lair (0/6) D:11
    Orc (0/2) D:11

Altars:
Ashenzari
Cheibriados
Dithmenos
Elyvilon
Fedhas
Gozag
Hepliaklqana
Kikubaaqudgha
Makhleb
Nemelex Xobeh
Okawaru
Qazlal
Ru
Sif Muna
Trog
Uskayaw
Vehumet
Wu Jian
Xom
Yredelemnul
Zin
The Shining One

Shops:
D:10 %([

Annotations:
D:8 Maurice
D:9 3 runed translucent doors, Caemab's ghost, novice DsFi
D:12 Jorgrun


Innate Abilities, Weirdness & Mutations

You are resistant to torment.
Your stone body is resilient. (AC +8)
You are immune to poison.
You resist negative energy. (rN+)
You are resistant to electric shocks. (rElec)
You can survive without breathing.
You are immune to petrification.
You are immune to rotting.


Message History

The wall shatters!
The blast of rock fragments hits you!!
The orc wizard mumbles some strange words.
The orc wizard flickers and vanishes for a moment.
Jorgrun gestures at you while chanting.
Roots burst forth from the earth!
The grasping roots grab you! The grasping roots constrict you.
You block the orc wizard's attack. You block the orc's attack.
The orc warrior hits you with a +0 long sword.
You escape the roots' grasp.
The orc wizard hits you but does no damage.
The orc barely misses you. The orc barely misses you.
You hear a grinding noise.
You hear a grinding noise.
A hornet comes into view.
The hornet buzzes angrily.
Jorgrun casts a spell at you.
You shatter!!
You die...

#.................
#....o..####...###
##o.####..# #...#
#.o........##...#
#..# ..#..#...#
#..# g#.##.g...#
#o.#.##.# #....#
#...# #.# #...#
#@.## #.# #...#
#..# #...# ...#
#...# ##..# #...#
#y.# #...# #..#
#...# #..# #...#
#..# #...# #...#


You could see Jorgrun, a hornet, an orc warrior, an orc wizard (invisible) and
an orc.

Vanquished Creatures
  Harold (D:10)
  3 two-headed ogres
  An unseen horror (D:12)
  Pikel (D:5)
  3 ugly things
  A manticore (D:11)
  A centaur zombie (D:11)
  2 kobold demonologists (D:11)
  A troll (D:10)
  A hornet (D:11)
  5 hippogriffs
  21 yaks
  3 hungry ghosts
  A steam dragon (D:10)
  A basilisk (D:11)
  Menkaure (D:5)
  2 water moccasins
  Duvessa (D:7)
  2 slaves (D:6)
  2 ice beasts
  7 orc warriors
  2 black bears
  6 sky beasts
  2 ogres
  A necrophage (D:7)
  5 phantoms
  A hornet zombie (D:11)
  4 centaurs
  2 crocodiles
  4 big kobolds
  Blork the orc (D:6)
  5 bullfrogs
  A gnoll sergeant (D:5)
  3 wyvern zombies
  Dowan (D:7)
  A wyvern skeleton (D:7)
  8 scorpions
  4 killer bees (D:12)
  3 howler monkeys
  4 crimson imps
  A bullfrog zombie (D:12)
  3 hounds
  7 orc priests
  6 jellies
  3 iguanas
  A gnoll shaman (D:2)
  11 orc wizards
  4 worker ants
  A hound zombie (D:7)
  A worker ant zombie (D:11)
  Robin (D:3)
  8 gnolls
  10 adders
  A shadow imp (D:10)
  An ooze (D:1)
  2 adder zombies (D:7)
  3 adder skeletons
  4 worms
  5 dart slugs
  A leopard gecko (D:5)
  22 orcs
  A ball python (D:3)
  8 giant cockroaches
  12 goblins
  9 hobgoblins
  14 jackals
  3 quokkas
  A ball python skeleton (D:4)
  5 bats
  5 frilled lizards
  22 kobolds
  A leopard gecko skeleton (D:5)
  A leopard gecko zombie (D:5)
  2 quokka skeletons
  7 rats
306 creatures vanquished.

Vanquished Creatures (others)
  A scorpion (D:7)
  An adder (D:7)
  A leopard gecko (D:7)
  A quokka (D:6)
4 creatures vanquished.

Grand Total: 310 creatures vanquished

Notes
Turn   | Place    | Note
-------+----------+-------------------------------------------
     0 | D:1      | Kagalorn the Gargoyle Fighter began the quest for the Orb.
     0 | D:1      | Reached XP level 1. HP: 14/14 MP: 1/1
    29 | D:1      | Reached skill level 2 in Long Blades
    39 | D:1      | Reached XP level 2. HP: 17/19 MP: 2/2
   274 | D:1      | Reached skill level 3 in Long Blades
   287 | D:1      | Reached XP level 3. HP: 20/23 MP: 3/3
   886 | D:2      | Found an iron altar of Okawaru.
  1051 | D:2      | Found a white marble altar of Elyvilon.
  1053 | D:2      | Found an ornate altar of the Wu Jian Council.
  1224 | D:2      | Reached XP level 4. HP: 28/28 MP: 4/4
  1640 | D:3      | Reached skill level 4 in Long Blades
  1651 | D:3      | Found a shadowy altar of Dithmenos.
  1952 | D:3      | Reached XP level 5. HP: 6/32 MP: 5/5
  2222 | D:3      | Found an opulent altar of Gozag.
  2293 | D:3      | Noticed Robin
  2323 | D:3      | Killed Robin
  2323 | D:3      | Reached skill level 5 in Long Blades
  3069 | D:4      | Reached XP level 6. HP: 36/37 MP: 6/6
  3259 | D:4      | Reached skill level 6 in Long Blades
  3301 | D:4      | Noticed a phantom
  3480 | D:4      | Killed a phantom
  3922 | D:5      | Entered Level 5 of the Dungeon
  4053 | D:5      | Reached XP level 7. HP: 41/41 MP: 7/7
  4156 | D:5      | Reached skill level 7 in Long Blades
  5034 | D:5      | Found a shimmering blue altar of Sif Muna.
  5083 | D:5      | Reached skill level 8 in Long Blades
  5083 | D:5      | Reached XP level 8. HP: 42/46 MP: 6/8
  5115 | D:6      | Found an iron altar of Okawaru.
  5147 | D:6      | Noticed Pikel
  5253 | D:5      | Killed Pikel
  5253 | D:5      | Reached skill level 9 in Long Blades
  5305 | D:6      | Found a snail-covered altar of Cheibriados.
  5306 | D:6      | Found a basalt altar of Yredelemnul.
  5324 | D:6      | Noticed Blork the orc
  5346 | D:6      | Killed Blork the orc
  5496 | D:6      | Reached skill level 10 in Long Blades
  5572 | D:5      | Reached XP level 9. HP: 47/51 MP: 9/9
  5678 | D:6      | Noticed Menkaure
  5884 | D:5      | Killed Menkaure
  6061 | D:6      | Reached skill level 11 in Long Blades
  6070 | D:6      | Found a staircase to the Ecumenical Temple.
  6079 | Temple   | Entered the Ecumenical Temple
  6258 | Temple   | Became a worshipper of the Shining One
  6749 | D:7      | Reached skill level 12 in Long Blades
  6804 | D:7      | Paralysed by fainting for 8 turns
  6898 | D:7      | Reached XP level 10. HP: 54/56 MP: 8/10
  6957 | D:7      | Found a shimmering altar of Xom.
  6974 | D:7      | Reached * piety under the Shining One
  7046 | D:7      | Noticed Duvessa
  7046 | D:7      | Noticed Dowan
  7051 | D:7      | Killed Duvessa
  7061 | D:7      | Killed Dowan
  7414 | D:8      | Noticed Maurice
  7451 | D:8      | Got a creamy pearl robe
  7493 | D:8      | Reached skill level 13 in Long Blades
  7530 | D:8      | Found a hide-covered altar of Uskayaw.
  7608 | D:9      | Found a runed translucent gate.
  7608 | D:9      | Found a runed translucent gate.
  7608 | D:9      | Found a runed translucent gate.
  7609 | D:9      | Noticed a kobold demonologist
  7609 | D:9      | Noticed Caemab's ghost (novice DsFi)
  7609 | D:9      | Noticed a kobold demonologist
  7609 | D:9      | Noticed a kobold demonologist
  7760 | D:9      | Found a burning altar of Makhleb.
  7761 | D:9      | Reached ** piety under the Shining One
  8360 | D:10     | Entered Level 10 of the Dungeon
  8456 | D:10     | Noticed a red ugly thing
  8483 | D:10     | Killed a red ugly thing
  8598 | D:10     | Found Jyguog's Weapon Shoppe.
  8602 | D:10     | Noticed Harold
  8623 | D:10     | Killed Harold
  8623 | D:10     | Reached skill level 14 in Long Blades
  8623 | D:10     | Reached skill level 1 in Invocations
  8698 | D:10     | Found Zysaqu's Antique Armour Shoppe.
  8758 | D:10     | Reached XP level 11. HP: 61/61 MP: 12/12
  8800 | D:10     | Found Qevim's Food Shoppe.
  8888 | D:10     | Got a translucent ring mail
  8901 | D:10     | Identified the +1 robe of Objectivity {+Fly Stlth+} (You
                  | found it on level 8 of the Dungeon)
  8911 | D:10     | Identified the +3 ring mail of the Dragon {MR+ Int+5 SInv}
                  | (You found it on level 10 of the Dungeon)
  9226 | D:11     | Noticed a two-headed ogre
  9228 | D:11     | Noticed a cyan ugly thing
  9242 | D:10     | Killed a two-headed ogre
  9242 | D:10     | Reached skill level 5 in Fighting
  9242 | D:10     | Reached skill level 5 in Armour
  9361 | D:10     | Killed a cyan ugly thing
  9361 | D:10     | Reached skill level 5 in Shields
  9645 | D:11     | Reached *** piety under the Shining One
  9647 | D:11     | Identified the cursed +0 demon blade "Papa" {pain, SInv}
  9648 | D:11     | Noticed a purple ugly thing
  9675 | D:11     | Killed a purple ugly thing
  9720 | D:11     | Found a staircase to the Lair.
 10172 | D:11     | Reached skill level 5 in Invocations
 10427 | D:11     | Noticed a two-headed ogre
 10451 | D:11     | Killed a two-headed ogre
 10451 | D:11     | Reached XP level 12. HP: 44/71 MP: 8/16
 10771 | D:11     | Learned a level 4 spell: Summon Lightning Spire
 10901 | D:11     | Reached **** piety under the Shining One
 11054 | D:11     | Reached skill level 1 in Summonings
 11206 | D:11     | Found a staircase to the Orcish Mines.
 11340 | D:12     | Reached skill level 1 in Air Magic
 11417 | D:12     | Noticed a two-headed ogre
 11426 | D:12     | Killed a two-headed ogre
 11471 | D:12     | Noticed Jorgrun
 11509 | D:12     | Killed from afar by Jorgrun

Illustrated notes

Levels and vault maps discovered:
D:1:      tarquinn_simple_flora_water_c, layout_loops_ring, nrook_mini_vaults
D:2:      layout_rooms, lemuel_doored_altar,
          chequers_temple_overflow_statue_of_worship
D:3:      minmay_general_purpose_star, layout_rooms, grunt_gozag_statues,
          nicolae_dithmenos_through_a_glass_darkly, first_ration, minivault_26,
          uniq_robin
D:4:      layout_basic, grunt_ministairs_5, kennysheep_generic_room_7
D:5:      layout_loops_ring, nicolae_overflow_hidden_temple
D:6:      layout_gridville, grunt_temple_overflow_open,
          minmay_temple_entry_gardened_gates, okawaru_gym_becter, uniq_pikel,
          uniq_menkaure, uniq_blork_the_orc
D:7:      layout_loops_cross, xom_confusion_cloud, uniq_duvessa
D:8:      layout_rooms, eat_drink_and_be_merry_uskayaw,
          hangedman_pestilent_swarm, uniq_psyche, uniq_maurice
D:9:      layout_irregular_city, gammafunk_ghost_nasty_kobolds,
          david_defended_altar_orc
D:10:     layout_irregular_city, serial_shops, kennysheep_little_box, shop,
          shop, uniq_harold
D:11:     layout_gridville, david_lair_generic, david_orc_4
D:12:     layout_long_grid, portal_ice_cave_entry_imps, uniq_jorgrun,
          uniq_azrael
Temple:   minmay_temple_bridge_abc

Skill      XL: |  1  2  3  4  5  6  7  8  9 10 11 12 |
---------------+-------------------------------------+-----
Long Blades    | 2 3 4 5 6 8 10 12 14 | 14.0
Invocations    | 2 5 6 |  6.6
Armour         | 4 6 7 |  7.5
Fighting       | 4 6 7 |  7.5
Shields        | 4 6 7 |  7.4
Summonings     | 1 |  1.7
Air Magic      | 1 |  1.5

Action                   |  1- 3 |  4- 6 |  7- 9 | 10-12 || total
-------------------------+-------+-------+-------+-------++-------
Melee: Long sword        |   115 |   262 |    81 |       ||   458
       Scimitar          |       |       |   343 |   665 ||  1008
Evoke: Wand              |       |       |     4 |     1 ||     5
  Use: Scroll            |       |     8 |     3 |    10 ||    21
  Eat: Chunk             |     1 |    10 |     7 |     9 ||    27
       Ration            |       |       |     6 |     2 ||     8
Armor: Scale mail        |    58 |   107 |       |       ||   165
       Chain mail        |       |    53 |   216 |   122 ||   391
       Ring mail         |       |       |       |   156 ||   156
Dodge: Dodged            |    36 |    87 |    68 |   138 ||   329
Block: Kite shield       |    58 |   154 |   161 |   233 ||   606
       Rpst.: Long sword |    10 |    20 |     3 |       ||    33
       Scimitar          |       |       |    19 |    37 ||    56

Table legend:
 A = Non-vault XP
 B = Vault XP
 C = Vault XP percentage of total XP
 D = Non-vault monster count
 E = Vault monster count
 F = Vault count percentage of total count
                 A         B        C        D         E       F
            +---------+---------+-------+---------+---------+-------
      Total |   20489 |    4061 |  16.5 |     254 |      50 |  16.4
            +---------+---------+-------+---------+---------+-------
        D:1 |      53 |       0 |   0.0 |      26 |       0 |   0.0
        D:2 |      79 |       0 |   0.0 |      16 |       0 |   0.0
        D:3 |     143 |      41 |  22.3 |      21 |      15 |  41.7
        D:4 |     276 |       7 |   2.5 |      17 |       2 |  10.5
        D:5 |     834 |     794 |  48.8 |      24 |       2 |   7.7
        D:6 |     819 |      96 |  10.5 |      18 |       1 |   5.3
        D:7 |    1940 |     390 |  16.7 |      27 |       5 |  15.6
        D:8 |     349 |       0 |   0.0 |       8 |       0 |   0.0
        D:9 |     695 |     123 |  15.0 |       6 |       3 |  33.3
       D:10 |    4882 |    1452 |  22.9 |      26 |       5 |  16.1
       D:11 |    7724 |    1158 |  13.0 |      54 |      17 |  23.9
       D:12 |    2695 |       0 |   0.0 |      11 |       0 |   0.0
            +---------+---------+-------+---------+---------+-------
